 Dungeon Sprint DCSS version 0.19.1 (webtiles) character file.

437 dvd the Fighter (level 6, -1/59 HPs)
             Began as a Demonspawn Berserker on Dec 23, 2016.
             Was a Believer of Trog.
             Succumbed to Sonja's poison
             ... in the Dungeon (Sprint I: "Red Sonja").
             The game lasted 00:01:56 (745 turns).

dvd the Fighter (Demonspawn Berserker)               Turns: 745, Time: 00:01:57

Health: -1/59      AC:  3    Str: 19    XL:     6   Next: 69%
Magic:  6/6        EV: 15    Int: 13    God:    Trog [**....]
Gold:   297        SH:  0    Dex: 13    Spells: 0 memorised, 5 levels left

rFire  . . .     SeeInvis .     a - +0 hand axe
rCold  + . .     Gourm    .     b - +0 animal skin
rNeg   . . .     Faith    .     (no shield)
rPois  .         Spirit   .     (no helmet)
rElec  .         Reflect  .     (no cloak)
rCorr  .         Harm     .     (no gloves)
MR     ++...     NoTele   +     (no boots)
Stlth  +.........               (no amulet)
                                (no ring)
                                k - +5 ring of intelligence

@: lethally poisoned (-1 -> -17), exhausted, regenerating, slowed, very slow
A: rugged brown scales 1, cold resistance 1, powered by death 1
a: Berserk, Trog's Hand, Burn Spellbooks, Renounce Religion


You were in the Dungeon.
You worshipped Trog.
Trog was pleased with you.
You were not hungry.

You visited 1 branch You collected 297 gold pieces.

Inventory:

Hand Weapons
 a - a +0 hand axe (weapon)
Armour
 b - a +0 animal skin (worn)
Jewellery
 k - a +5 ring of intelligence (left hand)
Scrolls
 i - a scroll of blinking
 j - a scroll of immolation {unknown}
 l - a scroll of remove curse {unknown}
Potions
 d - a potion of curing
 e - a potion of heal wounds
 f - a potion of haste
 g - 2 potions of magic
 h - a potion of berserk rage


   Skills:
 + Level 9.2 Fighting
 + Level 8.8 Axes
 + Level 4.5 Armour
 + Level 5.3 Dodging


You had 5 spell levels left.
You didn't know any spells.

Dungeon Overview and Level Annotations

Branches:
Dungeon (1/1)

Altars:
Cheibriados
Dithmenos
Elyvilon
Fedhas
Gozag
Hepliaklqana
Kikubaaqudgha
Nemelex Xobeh
Okawaru
Qazlal
Ru
Sif Muna
Trog
Uskayaw
Vehumet
Yredelemnul
Zin
The Shining One

Shops:
D :

Annotations:
D Sonja


Innate Abilities, Weirdness & Mutations

You are partially covered in rugged brown scales. (AC +1, +3% HP)
Your flesh is cold resistant. (rC+)
You regenerate a little health from kills.


Message History

You are more poisoned.
Sonja misses you.
Sonja hits you with an uncursed short sword of venom.
* * * LOW HITPOINT WARNING * * *
Sonja hits you but does no damage.
You are more poisoned.
You miss Sonja.
Sonja is lightly wounded.
You feel very sick. Sonja misses you. Sonja hits you but does no damage.
Sonja hits you with an uncursed short sword of venom.
* * * LOW HITPOINT WARNING * * *
You are lethally poisoned!
Sonja hits you with an uncursed short sword of venom.
* * * LOW HITPOINT WARNING * * *
You are more poisoned.
Sonja misses you. Sonja barely misses you.
You barely miss Sonja.
Sonja is lightly wounded.
You die...

#..'..#..'..#..+
#..#####'#####'#
#..####..#...#.#
#..#__####..##.#
#..#_____##'#..+
#⌠⌠#_.∩...'..._#
####_..__##_.#'#
#_____###(#.#
####### #@###


+$K$+ #$.$# ##.## #+# You could see Sonja.

Vanquished Creatures
  Sigmund (D)
  A yak (D)
  An ogre (D)
  A jelly (D)
  Ijyb (D)
5 creatures vanquished.

Notes
Turn   | Place    | Note
-------+----------+-------------------------------------------
     0 | D        | dvd the Demonspawn Berserker began the quest for the Orb.
     0 | D        | Reached XP level 1. HP: 18/18 MP: 1/1
     1 | D        | Noticed Ijyb
    15 | D        | Killed Ijyb
    15 | D        | Reached skill level 4 in Fighting
    15 | D        | Gained mutation: You regenerate a little health from kills. [demonic ancestry]
    15 | D        | Reached XP level 2. HP: 2/26 MP: 2/2
   302 | D        | Noticed an ogre
   309 | D        | Killed an ogre
   309 | D        | Reached skill level 6 in Fighting
   309 | D        | Reached skill level 5 in Axes
   309 | D        | Reached XP level 3. HP: 35/35 MP: 3/3
   309 | D        | Gained mutation: You are partially covered in rugged brown scales. (AC +1, +3% HP) [demonic ancestry]
   309 | D        | Reached XP level 4. HP: 42/42 MP: 4/4
   341 | D        | Noticed Sigmund
   351 | D        | Killed Sigmund
   351 | D        | Reached ** piety under Trog
   351 | D        | Reached skill level 8 in Fighting
   351 | D        | Reached XP level 5. HP: 37/50 MP: 5/5
   351 | D        | Gained mutation: Your flesh is cold resistant. (rC+) [demonic ancestry]
   351 | D        | Reached XP level 6. HP: 42/57 MP: 6/6
   410 | D        | Found a deep blue altar of Sif Muna.
   412 | D        | Found a radiant altar of Vehumet.
   439 | D        | Found Tusais's Book Emporium.
   439 | D        | Found an ancient bone altar of Kikubaaqudgha.
   439 | D        | Found a hazy altar of Hepliaklqana.
   439 | D        | Found a stormy altar of Qazlal.
   439 | D        | Found a hide-covered altar of Uskayaw.
   439 | D        | Found a blossoming altar of Fedhas.
   439 | D        | Found a bloodstained altar of Trog.
   439 | D        | Found an iron altar of Okawaru.
   439 | D        | Found a basalt altar of Yredelemnul.
   439 | D        | Found a glowing golden altar of the Shining One.
   439 | D        | Found a snail-covered altar of Cheibriados.
   439 | D        | Found a sacrificial altar of Ru.
   439 | D        | Found a glowing silver altar of Zin.
   439 | D        | Found a shadowy altar of Dithmenos.
   439 | D        | Found a white marble altar of Elyvilon.
   439 | D        | Noticed a yak
   444 | D        | HP: 4/87 [yak (11)]
   446 | D        | Killed a yak
   446 | D        | Reached skill level 9 in Fighting
   446 | D        | Reached skill level 5 in Dodging
   447 | D        | Found an opulent altar of Gozag.
   448 | D        | Found a sparkling altar of Nemelex Xobeh.
   504 | D        | Noticed Sonja
   744 | D        | HP: 2/59 [Sonja/uncursed short sword of venom (6)]
   745 | D        | Succumbed to Sonja's poison

Skill      XL: |  1  2  3  4  5  6 |
---------------+-------------------+-----
Fighting       | 4 6 8 9 |  9.2
Axes           | 4 5 7 8 |  8.8
Armour         | 2 3 4 |  4.5
Dodging        | 2 3 4 5 |  5.3

Action                   |  1- 3 |  4- 6 || total
-------------------------+-------+-------++-------
Melee: Hand axe          |    18 |    22 ||    40
Invok: Berserk           |     2 |     3 ||     5
       Trog's Hand       |       |     1 ||     1
  Use: Potion            |       |     1 ||     1
  Eat: Bread ration      |       |     1 ||     1
Armor: Animal skin       |       |     5 ||     5
Dodge: Dodged            |    11 |    23 ||    34
